 Dungeon Sprint DCSS version 0.17-a0-1646-geb1493d (webtiles) character file.

5656 Kidiri the Unseen (level 10, -8/35 HPs)
             Began as a Spriggan Enchanter on Aug 11, 2015.
             Was the Champion of Dithmenos.
             Mangled by Duvessa
             ... wielding a +2 great sword of freezing
              (12 damage)
             ... in the Dungeon (Sprint III: "The Ten Rune Challenge").
             The game lasted 00:15:49 (2224 turns).

Kidiri the Unseen (Spriggan Enchanter)              Turns: 2224, Time: 00:15:50

Health: -8/35      AC:  7    Str:  4    XL:     10   Next: 46%
Magic:  11/27      EV: 31    Int: 18    God:    Dithmenos [******]
Gold:   26         SH:  0    Dex: 18    Spells: 10 memorised, 4 levels left

rFire  . . .     SeeInvis +     a - +3 dagger
rCold  . . .     Clarity  .     b - +1 robe
rNeg   . . .     SustAt   .     (shield restricted)
rPois  +         Gourm    .     (helmet restricted)
rElec  .         Spirit   .     (no cloak)
rCorr  .         Warding  .     (gloves unavailable)
rMut   .         NoTele   +     (boots unavailable)
MR     +....                    (no amulet)
Stlth  ++++++++++               (no ring)
                                (no ring)

@: very slightly contaminated, wreathed by umbra, very quick, somewhat resistant
to hostile enchantments, uncannily stealthy
A: unfitting armour, rough black scales 1, see invisible, herbivore 3, speed 3,
frail 2, poison resistance, slow healing 1, slow metabolism 2, wild magic 1,
evolution 1
a: Shadow Step, Shadow Form, Renounce Religion


You were in the Dungeon.
You worshipped Dithmenos.
Dithmenos was exalted by your worship.
You were not hungry.

You visited 1 branch You collected 26 gold pieces.

Inventory:

Hand weapons
 a - a +3 dagger (weapon)
Missiles
 o - 3 throwing nets (quivered)
Armour
 b - a +1 robe (worn)
Magical devices
 l - a wand of frost (48)
Scrolls
 j - a scroll of blinking
Potions
 e - 2 potions of curing
 g - a potion of haste
 h - 2 potions of magic
 i - 2 potions of berserk rage
 n - 2 potions of might
 p - a potion of agility {unknown}
 q - 3 potions of flight
Books
 k - a book of Alchemy

   Spells                             Type                      Level
   a - Sublimation of Blood           Necromancy                   2
   b - Ignite Poison                  Fire/Transmutation/Poison    3
   c - Alistair's Intoxication        Transmutation/Poison         4
   d - Condensation Shield            Ice                          4
   e - Petrify                        Transmutation/Earth          4
   f - Irradiate                      Conjuration/Transmutation    5
 m - a book of Enchantments

   Spells                             Type                      Level
   a - Cause Fear                     Hexes                        4
   b - Silence                        Hexes/Air                    5
   c - Deflect Missiles               Charms/Air                   6
   d - Haste                          Charms                       6
   e - Discord                        Hexes                        8
Comestibles
 c - 27 royal jellies
 d - a bread ration
 u - 2 fruits


   Skills:
 + Level 8.1 Short Blades
 * Level 14.4 Dodging
 * Level 15.8 Stealth
 * Level 12.5 Spellcasting
 + Level 5.0 Conjurations
 + Level 9.6 Hexes
 + Level 4.2 Necromancy
 + Level 5.8 Transmutations
 + Level 6.1 Ice Magic
 + Level 2.8 Earth Magic
 + Level 4.2 Poison Magic
 + Level 5.8 Invocations


You had 4 spell levels left.
You knew the following spells:

 Your Spells              Type           Power        Failure   Level  Hunger
a - Corona                Hex            ######.      1%          1    None
b - Ensorcelled Hibernat  Hex/Ice        ######       2%          2    None
c - Confuse               Hex            ######..     2%          3    None
d - Tukima's Dance        Hex            ######..     2%          3    None
e - Dazzling Spray        Conj/Hex       ######..     3%          3    None
f - Cause Fear            Hex            ######....   4%          4    ##.....
g - Sublimation of Blood  Necr           #####.....   5%          2    None
h - Condensation Shield   Ice            ######....   13%         4    ##.....
i - Alistair's Intoxicat  Trmt/Pois      #####...     19%         4    ##.....
j - Petrify               Trmt/Erth      #####...     26%         4    ##.....


Dungeon Overview and Level Annotations

Branches:
Dungeon (1/1)

Altars:
Cheibriados
Dithmenos
Elyvilon
Fedhas
Gozag
Kikubaaqudgha
Makhleb
Nemelex Xobeh
Okawaru
Qazlal
Ru
Sif Muna
Trog
Vehumet
Xom
Yredelemnul
Zin
The Shining One
Jiyva
Lugonu

Annotations:
D Duvessa


Innate Abilities, Weirdness & Mutations

You are tiny and cannot use many weapons and most armour.
You have supernaturally acute eyesight.
You are a herbivore.
You cover ground extremely quickly.
You need consume almost no food.
You are partially covered in rough black scales (AC +4, Dex -1).
You are very frail (-20% HP).
Your system is resistant to poisons.
You heal slowly when monsters are visible.
Your spells are a little harder to cast, but a little more powerful.
You evolve.


Message History

Aiming: Dazzling Spray
Press: ? - help, Shift-Dir - straight line, f/p - Duvessa
Aim: Duvessa, wielding a great sword of freezing (lightly wounded, berserk, fast, unusually strong, umbra)
You miscast Dazzling Spray.
You are very lightly contaminated with residual magic.
Multicoloured lights dance before your eyes!
Duvessa hits you with a great sword of freezing!!
Ouch! That really hurt!
* * * LOW HITPOINT WARNING * * *
You emit a cloud of dark smoke.
Duvessa freezes you.
* * * LOW HITPOINT WARNING * * *
Unknown command.
Unknown command.
Drink which item? (? for menu, Esc to quit)
You feel much better.
Duvessa hits you with a great sword of freezing!!
Ouch! That really hurt!
* * * LOW HITPOINT WARNING * * *
You emit a cloud of dark smoke.
Duvessa freezes you!
You die...

+###########################
....#)#)#...).#§@§§..+%..≈≈#
#.#.)#.##.###.#§e§§..#...≈≈###
##.#.#.##.#..##§§§...#...≈≈≈≈#
...#..#.)##..'.§.....#...≈≈≈≈#
▓▓▓▓▓▓▓▓▓▓▓▓▓#.).....#.......#
#.......#.......#
+.......#.......#
#.......######### ##'######


You could see Duvessa (berserk).

Vanquished Creatures
  Dowan (D)
  Erolcha (D)
  A queen bee (D)
  A deep elf priest (D)
  2 trapdoor spiders (D)
  A redback (D)
  A shadow (D)
  2 hill giants (D)
  A spatial vortex (D)
  A necrophage (D)
  3 two-headed ogres (D)
  A water elemental (D)
  32 killer bees (D)
  A jelly (D)
  A wizard (D)
  Jessica (D)
  A necromancer (D)
  A wolf (D)
  A kobold demonologist (D)
  3 humans (D)
  An ooze (D)
  2 rats (D)
60 creatures vanquished.

Vanquished Creatures (others)
  2 draconian scorchers (D)
  A yaktaur (D)
  2 fire drakes (D)
  3 plants (D)
8 creatures vanquished.

Grand Total: 68 creatures vanquished

Notes
Turn   | Place    | Note
--------------------------------------------------------------
     0 | D        | Kidiri the Spriggan Enchanter began the quest for the Orb.
     0 | D        | Reached XP level 1. HP: 9/9 MP: 5/5
     8 | D        | Reached skill level 5 in Stealth
    21 | D        | Noticed Jessica
    24 | D        | Killed Jessica
    24 | D        | Reached skill level 5 in Dodging
    24 | D        | Reached skill level 6 in Stealth
    24 | D        | Reached XP level 2. HP: 13/13 MP: 6/8
    24 | D        | Reached XP level 3. HP: 16/16 MP: 6/9
    31 | D        | Learned a level 2 spell: Ensorcelled Hibernation
    35 | D        | Learned a level 3 spell: Confuse
    39 | D        | Learned a level 3 spell: Tukima's Dance
   103 | D        | Killed a fire drake
   124 | D        | Killed a fire drake
   185 | D        | Noticed a wolf
   206 | D        | Killed a wolf
   206 | D        | Reached skill level 7 in Stealth
   220 | D        | Killed a white draconian scorcher
   237 | D        | Killed a white draconian scorcher
   267 | D        | Reached skill level 5 in Spellcasting
   267 | D        | Reached skill level 1 in Ice Magic
   267 | D        | Reached XP level 4. HP: 14/21 MP: 4/12
   272 | D        | Learned a level 3 spell: Dazzling Spray
   337 | D        | Killed a yaktaur
   509 | D        | Gained mutation: Your system is resistant to poisons. [potion of mutation]
   509 | D        | Gained mutation: You are frail (-10% HP). [potion of mutation]
   509 | D        | Gained mutation: You heal slowly when monsters are visible. [potion of mutation]
   510 | D        | Gained mutation: You evolve. [potion of mutation]
   510 | D        | Gained mutation: Your spells are a little harder to cast, but a little more powerful. [potion of mutation]
   510 | D        | Gained mutation: You are very frail (-20% HP). [potion of mutation]
   535 | D        | Noticed a water elemental
   552 | D        | Killed a water elemental
   552 | D        | Reached skill level 8 in Stealth
   552 | D        | Reached skill level 5 in Hexes
   670 | D        | Noticed a jelly
   671 | D        | Noticed a shadow
   673 | D        | Killed a shadow
   673 | D        | Reached skill level 10 in Stealth
   673 | D        | Reached XP level 5. HP: 19/19 MP: 14/16
   673 | D        | Reached XP level 6. HP: 22/22 MP: 14/17
   677 | D        | Killed a jelly
   682 | D        | Found a stormy altar of Qazlal.
   683 | D        | Found a sacrificial altar of Ru.
   683 | D        | Found a burning altar of Makhleb.
   683 | D        | Found a viscous altar of Jiyva.
   683 | D        | Found a shimmering altar of Xom.
   683 | D        | Found a shadowy altar of Dithmenos.
   683 | D        | Found a sparkling altar of Nemelex Xobeh.
   683 | D        | Found a corrupted altar of Lugonu.
   683 | D        | Found an opulent altar of Gozag.
   683 | D        | Noticed a spatial vortex
   687 | D        | Became a worshipper of Dithmenos the Shadowed
   702 | D        | Killed a spatial vortex
   702 | D        | Reached skill level 5 in Short Blades
   702 | D        | Reached skill level 1 in Invocations
   840 | D        | Found a radiant altar of Vehumet.
   841 | D        | Found a deep blue altar of Sif Muna.
   841 | D        | Found an ancient bone altar of Kikubaaqudgha.
   841 | D        | Noticed a wizard
   842 | D        | Killed a wizard
   842 | D        | Reached skill level 11 in Stealth
   859 | D        | Learned a level 4 spell: Cause Fear
   862 | D        | Learned a level 2 spell: Sublimation of Blood
   870 | D        | Found a glowing silver altar of Zin.
   871 | D        | Found a glowing golden altar of the Shining One.
   871 | D        | Found a white marble altar of Elyvilon.
   871 | D        | Noticed a deep elf priest
   873 | D        | Killed a deep elf priest
   873 | D        | Reached skill level 10 in Dodging
   873 | D        | Reached XP level 7. HP: 25/25 MP: 18/20
   884 | D        | Found an iron altar of Okawaru.
   884 | D        | Found a bloodstained altar of Trog.
   884 | D        | Noticed a human
   885 | D        | Noticed a human
   887 | D        | Killed a human
   887 | D        | Reached skill level 12 in Stealth
   888 | D        | Killed a human
   904 | D        | Learned a level 4 spell: Condensation Shield
   907 | D        | Found a basalt altar of Yredelemnul.
   907 | D        | Found a snail-covered altar of Cheibriados.
   907 | D        | Found a blossoming altar of Fedhas.
   907 | D        | Noticed a necrophage
   907 | D        | Noticed a necromancer
   909 | D        | Killed a necrophage
   909 | D        | Acquired Dithmenos's first power
   909 | D        | Reached XP level 8. HP: 28/28 MP: 22/22
   910 | D        | Killed a necromancer
   916 | D        | Learned a level 4 spell: Alistair's Intoxication
   933 | D        | Noticed a two-headed ogre
   933 | D        | Noticed a two-headed ogre
   937 | D        | Killed a two-headed ogre
   939 | D        | Killed a two-headed ogre
   939 | D        | Reached skill level 10 in Spellcasting
   939 | D        | Reached skill level 1 in Necromancy
   941 | D        | Noticed a two-headed ogre
   942 | D        | Killed a two-headed ogre
   953 | D        | Noticed a hill giant
   968 | D        | Killed a hill giant
   968 | D        | Acquired Dithmenos's second power
   968 | D        | Reached skill level 13 in Stealth
   989 | D        | Noticed a hill giant
   989 | D        | Noticed Erolcha
  1111 | D        | Killed a hill giant
  1111 | D        | Reached skill level 1 in Transmutations
  1283 | D        | Noticed a redback
  1294 | D        | Killed a redback
  1294 | D        | Reached skill level 1 in Poison Magic
  1304 | D        | Killed Erolcha
  1304 | D        | Reached skill level 14 in Stealth
  1304 | D        | Reached skill level 5 in Ice Magic
  1304 | D        | Reached XP level 9. HP: 31/31 MP: 15/25
  1307 | D        | Noticed a trapdoor spider
  1307 | D        | Noticed a trapdoor spider
  1314 | D        | Killed a trapdoor spider
  1374 | D        | Killed a trapdoor spider
  1374 | D        | Acquired Dithmenos's third power
  1383 | D        | Learned a level 4 spell: Petrify
  1444 | D        | Gained mutation: You are partially covered in rough black scales (AC +4, Dex -1). [evolution]
  1496 | D        | Noticed a killer bee
  1496 | D        | Noticed a queen bee
  1496 | D        | Noticed a killer bee
  1496 | D        | Noticed a killer bee
  1496 | D        | Noticed a killer bee
  1496 | D        | Noticed a killer bee
  1496 | D        | Noticed a killer bee
  1496 | D        | Noticed a killer bee
  1496 | D        | Noticed a killer bee
  1496 | D        | Noticed a killer bee
  1496 | D        | Noticed a killer bee
  1496 | D        | Noticed a killer bee
  1496 | D        | Noticed a killer bee
  1496 | D        | Noticed a killer bee
  1496 | D        | Noticed a killer bee
  1497 | D        | Noticed a killer bee
  1497 | D        | Noticed a killer bee
  1497 | D        | Noticed a killer bee
  1497 | D        | Noticed a killer bee
  1497 | D        | Noticed a killer bee
  1497 | D        | Noticed a killer bee
  1497 | D        | Noticed a killer bee
  1497 | D        | Noticed a killer bee
  1497 | D        | Noticed a killer bee
  1497 | D        | Noticed a killer bee
  1497 | D        | Noticed a killer bee
  1497 | D        | Noticed a killer bee
  1497 | D        | Noticed a killer bee
  1497 | D        | Noticed a killer bee
  1497 | D        | Noticed a killer bee
  1497 | D        | Noticed a killer bee
  1497 | D        | Noticed a killer bee
  1497 | D        | Noticed a killer bee
  1501 | D        | Killed a killer bee
  1503 | D        | Killed a killer bee
  1505 | D        | Killed a killer bee
  1507 | D        | Killed a killer bee
  1510 | D        | Killed a killer bee
  1510 | D        | Acquired Dithmenos's fourth power
  1512 | D        | Killed a killer bee
  1514 | D        | Killed a killer bee
  1518 | D        | Killed a killer bee
  1520 | D        | Killed a killer bee
  1753 | D        | Killed a killer bee
  1756 | D        | Killed a killer bee
  1758 | D        | Killed a killer bee
  1758 | D        | Reached skill level 5 in Invocations
  1759 | D        | Killed a killer bee
  1761 | D        | Killed a killer bee
  1765 | D        | Killed a killer bee
  1765 | D        | Reached skill level 1 in Earth Magic
  1767 | D        | Killed a killer bee
  1769 | D        | Killed a killer bee
  1772 | D        | Killed a killer bee
  1912 | D        | Killed a killer bee
  1914 | D        | Killed a killer bee
  1918 | D        | Killed a killer bee
  1920 | D        | Killed a killer bee
  1922 | D        | Killed a killer bee
  1925 | D        | Killed a killer bee
  1927 | D        | Killed a killer bee
  1927 | D        | Reached skill level 15 in Stealth
  1930 | D        | Killed a killer bee
  1932 | D        | Killed a killer bee
  2069 | D        | Killed a killer bee
  2069 | D        | Reached XP level 10. HP: 35/35 MP: 21/26
  2070 | D        | Killed a killer bee
  2072 | D        | Killed a killer bee
  2074 | D        | Killed a killer bee
  2076 | D        | Killed a killer bee
  2081 | D        | Killed a queen bee
  2081 | D        | Reached skill level 5 in Transmutations
  2204 | D        | Noticed Dowan
  2205 | D        | Noticed Duvessa
  2209 | D        | Killed Dowan
  2209 | D        | Reached skill level 5 in Conjurations
  2224 | D        | Mangled by Duvessa

Vault maps used:
D:        dungeon_sprint_mu

Action                   |  1- 3 |  4- 6 |  7- 9 | 10-12 || total
-------------------------+-------+-------+-------+-------++-------
Melee: Dagger            |    14 |     9 |    59 |     5 ||    87
 Cast: Ensorcelled Hiber |     3 |       |    41 |     7 ||    51
       Confuse           |     3 |       |     4 |       ||     7
       Dazzling Spray    |       |     9 |     3 |     2 ||    14
       Petrify           |       |       |       |     2 ||     2
Invok: Shadow Step       |       |       |     3 |     1 ||     4
  Use: Scroll            |       |     7 |       |       ||     7
       Potion            |       |     2 |     1 |     1 ||     4
 Stab: Sleeping          |     6 |     5 |    37 |     5 ||    53
       Confused          |       |       |     2 |       ||     2
       Invisible         |       |       |     1 |       ||     1
